TOP OF THE 1ST |
Minnesota Death Stars batting - Pitching for Erie Jaxx : RHP Steve Bigham
|
Pitching: RHP Steve Bigham
|
|
Batting: RHB William Robinson
|
0-0: Ball 1-0: Ball 2-0: Ball 3-0: Base on Balls
|
Batting: RHB Raúl Flores
|
0-0: Ball 1-0: SINGLE (Groundball, 5D) William Robinson to second
|
Batting: RHB Gabriel Ángel
|
0-0: Foul Ball, location: 2F 0-1: Foul Ball, location: 2F 0-2: Foul Ball, location: 2F 0-2: Ball 1-2: Foul Ball, location: 2F 1-2: Strikes out looking
|
Batting: RHB Mike Wagner
|
0-0: Ball 1-0: Foul Ball, location: 2F 1-1: Ball 2-1: Ball 3-1: Base on Balls William Robinson to third Raúl Flores to second
|
Batting: RHB Kel Weeks
|
0-0: Ball 1-0: SINGLE (Groundball, 4MD) William Robinson scores Raúl Flores to third Mike Wagner to second
|
Batting: LHB Shannon Hunter
|
0-0: Called Strike 0-1: Swinging Strike 0-2: Ball 1-2: Ball 2-2: Ball 3-2: Base on Balls Raúl Flores scores Mike Wagner to third Kel Weeks to second
|
Batting: RHB José Rosales
|
0-0: Swinging Strike 0-1: Called Strike 0-2: Strikes out swinging
|
Batting: LHB Júlio Córdova
|
0-0: Ball 1-0: Called Strike 1-1: Ball 2-1: Ball 3-1: Foul Ball, location: 2F 3-2: Foul Ball, location: 2F 3-2: Fly out, F6 (Popup, 6MD)
|
Top of the 1st over - 2 run(s), 2 hit(s), 0 error(s), 3 left on base; Minnesota 2 - Erie 0 |
BOTTOM OF THE 1ST |
Erie Jaxx batting - Pitching for Minnesota Death Stars : RHP Arthur Melton
|
Pitching: RHP Arthur Melton
|
|
Batting: LHB Kyle Robbins
|
0-0: Foul Ball, location: 2F 0-1: Ball 1-1: Swinging Strike 1-2: Ball 2-2: Foul Ball, location: 2F 2-2: SINGLE (Groundball, 6MD)
|
Batting: SHB José Durango
|
0-0: Ball 1-0: Ball 2-0: Foul Ball, location: 2F 2-1: Called Strike 2-2: Ball 3-2: Foul Ball, location: 2F 3-2: Strikes out swinging Kyle Robbins steals 2nd base Batter strikes out.
|
Batting: SHB Michael Field
|
0-0: Ball 1-0: Ball 2-0: Called Strike 2-1: Called Strike 2-2: Ball 3-2: Foul Ball, location: 2F 3-2: Foul Ball, location: 2F 3-2: Foul Ball, location: 2F 3-2: Ground out U3 (Groundball, 34S) Kyle Robbins to third
|
Batting: RHB Ángel Serrano
|
0-0: Called Strike 0-1: Ball 1-1: Ball 2-1: Ball 3-1: Base on Balls
|
Batting: RHB Andrés Silva
|
0-0: Foul Ball, location: 2F 0-1: Ball 1-1: Called Strike 1-2: Ball 2-2: Strikes out swinging
|
Bottom of the 1st over - 0 run(s), 1 hit(s), 0 error(s), 2 left on base; Minnesota 2 - Erie 0 |
TOP OF THE 2ND |
Minnesota Death Stars batting - Pitching for Erie Jaxx : RHP Steve Bigham
|
Batting: RHB Vaughan Tillman
|
0-0: Ball 1-0: Foul Ball, location: 2F 1-1: Ball 2-1: Foul Ball, location: 2F 2-2: Ball 3-2: Base on Balls
|
Batting: RHB William Robinson
|
0-0: Ball 1-0: Ball 2-0: Called Strike 2-1: Foul Ball, location: 2F 2-2: Ball 3-2: Base on Balls Vaughan Tillman to second
|
Batting: RHB Raúl Flores
|
0-0: Called Strike 0-1: Ball 1-1: Foul Ball, location: 2F 1-2: Foul Ball, location: 2F 1-2: Strikes out swinging
|
Batting: RHB Gabriel Ángel
|
0-0: Ball 1-0: Called Strike 1-1: Fly out, F9 (Flyball, 9S)
|
Batting: RHB Mike Wagner
|
0-0: Foul Ball, location: 2F 0-1: Ball 1-1: Fielders Choice at 2nd, 6-4 (Groundball, 56)
|
Top of the 2nd over - 0 run(s), 0 hit(s), 0 error(s), 1 left on base; Minnesota 2 - Erie 0 |
BOTTOM OF THE 2ND |
Erie Jaxx batting - Pitching for Minnesota Death Stars : RHP Arthur Melton
|
Batting: RHB Edgardo Castro
|
0-0: Ball 1-0: Ball 2-0: Hit by Pitch
|
Batting: RHB José Hernández
|
0-0: Foul Ball, location: 2F 0-1: Called Strike 0-2: DOUBLE (Groundball, 5L) Edgardo Castro to third
|
Batting: RHB Alfredo Ramírez
|
0-0: Called Strike 0-1: Ball 1-1: Swinging Strike 1-2: Foul Ball, location: 2F 1-2: Strikes out swinging
|
Batting: RHB Júlio Hernández
|
0-0: Called Strike 0-1: Foul Ball, location: 2F 0-2: SINGLE (Line Drive, 6MD) Edgardo Castro scores José Hernández to third Runner from 3rd tries for Home, SAFE, no throw
|
Batting: LHB Kyle Robbins
|
0-0: Ball 1-0: Called Strike 1-1: Fly out, F4 (Line Drive, 34)
|
Batting: SHB José Durango
|
0-0: Ground out 4-3 (Groundball, 34)
|
Bottom of the 2nd over - 2 run(s), 2 hit(s), 0 error(s), 1 left on base; Minnesota 2 - Erie 2 |
TOP OF THE 3RD |
Minnesota Death Stars batting - Pitching for Erie Jaxx : RHP Steve Bigham
|
Batting: RHB Kel Weeks
|
0-0: Called Strike 0-1: SINGLE (Groundball, 6MD)
|
Batting: LHB Shannon Hunter
|
0-0: Fly out, F3 (Popup, 3L)
|
Batting: RHB José Rosales
|
0-0: Called Strike 0-1: Foul Ball, location: 2F 0-2: Ball 1-2: Strikes out looking
|
Batting: LHB Júlio Córdova
|
0-0: Swinging Strike 0-1: Ground out U3 (Groundball, 3)
|
Top of the 3rd over - 0 run(s), 1 hit(s), 0 error(s), 1 left on base; Minnesota 2 - Erie 2 |
BOTTOM OF THE 3RD |
Erie Jaxx batting - Pitching for Minnesota Death Stars : RHP Arthur Melton
|
Batting: SHB Michael Field
|
0-0: Called Strike 0-1: Foul Ball, location: 2F 0-2: Hit by Pitch
|
Batting: RHB Ángel Serrano
|
0-0: Called Strike 0-1: Ball 1-1: Foul Ball, location: 2F 1-2: Ball 2-2: Ball 3-2: Foul Ball, location: 2F 3-2: Strikes out swinging
|
Batting: RHB Andrés Silva
|
0-0: SINGLE (Line Drive, 6D) Michael Field to second
|
Batting: RHB Edgardo Castro
|
0-0: Called Strike 0-1: Foul Ball, location: 2F 0-2: Ball 1-2: Strikes out swinging
|
Batting: RHB José Hernández
|
0-0: SINGLE (Line Drive, 8LS) Michael Field to third Andrés Silva to second
|
Batting: RHB Alfredo Ramírez
|
0-0: Called Strike 0-1: Ball 1-1: SINGLE (Flyball, 78S) Michael Field scores Andrés Silva to third José Hernández to second Runner from 3rd tries for Home, SAFE, no throw
|
Batting: RHB Júlio Hernández
|
0-0: Foul Ball, location: 2F 0-1: Ball 1-1: Foul Ball, location: 2F 1-2: Foul Ball, location: 2F 1-2: Strikes out swinging
|
Bottom of the 3rd over - 2 run(s), 3 hit(s), 0 error(s), 2 left on base; Minnesota 2 - Erie 4 |
TOP OF THE 4TH |
Minnesota Death Stars batting - Pitching for Erie Jaxx : RHP Steve Bigham
|
Batting: RHB Vaughan Tillman
|
0-0: Swinging Strike 0-1: Called Strike 0-2: Strikes out swinging
|
Batting: RHB William Robinson
|
0-0: Called Strike 0-1: Called Strike 0-2: Ball 1-2: Strikes out looking
|
Batting: RHB Raúl Flores
|
0-0: Ball 1-0: Called Strike 1-1: Ball 2-1: Ground out 4-3 (Groundball, 4)
|
Top of the 4th over - 0 run(s), 0 hit(s), 0 error(s), 0 left on base; Minnesota 2 - Erie 4 |
BOTTOM OF THE 4TH |
Erie Jaxx batting - Pitching for Minnesota Death Stars : RHP Arthur Melton
|
Batting: LHB Kyle Robbins
|
0-0: Called Strike 0-1: SINGLE (Groundball, 34D)
|
Batting: SHB José Durango
|
0-0: Foul Ball, location: 2F 0-1: Foul Ball, location: 2F 0-2: Grounds into double play, 4-6-3 (Groundball, 4)
|
Batting: SHB Michael Field
|
0-0: Called Strike 0-1: Ball 1-1: Ball 2-1: Ball 3-1: Ground out 4-3 (Groundball, 4)
|
Bottom of the 4th over - 0 run(s), 1 hit(s), 0 error(s), 0 left on base; Minnesota 2 - Erie 4 |
TOP OF THE 5TH |
Minnesota Death Stars batting - Pitching for Erie Jaxx : RHP Steve Bigham
|
Batting: RHB Gabriel Ángel
|
0-0: Ball 1-0: Ball 2-0: Ball 3-0: Called Strike 3-1: Called Strike 3-2: Foul Ball, location: 2F 3-2: Ground out 5-3 (Groundball, 56S)
|
Pitching: RHP Armando Rodríguez
|
|
Batting: RHB Mike Wagner
|
0-0: Foul Ball, location: 2F 0-1: Ball 1-1: Ball 2-1: Ground out 1-3 (Groundball, 13)
|
Batting: RHB Kel Weeks
|
0-0: Ground out 5-3 (Groundball, 5S)
|
Top of the 5th over - 0 run(s), 0 hit(s), 0 error(s), 0 left on base; Minnesota 2 - Erie 4 |
BOTTOM OF THE 5TH |
Erie Jaxx batting - Pitching for Minnesota Death Stars : RHP Arthur Melton
|
Batting: RHB Ángel Serrano
|
0-0: Ball 1-0: Ball 2-0: Ball 3-0: Called Strike 3-1: Called Strike 3-2: Fly out, F8 (Flyball, 8RM)
|
Pitching: RHP Rubén Barrera
|
|
Batting: RHB Andrés Silva
|
0-0: Called Strike 0-1: DOUBLE (Flyball, 89D)
|
Batting: RHB Edgardo Castro
|
0-0: Fly out, F2 (Popup, 23)
|
Batting: RHB José Hernández
|
0-0: Ball 1-0: SINGLE (Groundball, 56D) Andrés Silva to third Runner from 3rd tries for Home, SAFE, no throw
|
Batting: RHB Alfredo Ramírez
|
0-0: Called Strike 0-1: Ball 1-1: Ball 2-1: Swinging Strike 2-2: Fly out, F4 (Line Drive, 4)
|
Bottom of the 5th over - 1 run(s), 2 hit(s), 0 error(s), 1 left on base; Minnesota 2 - Erie 5 |
TOP OF THE 6TH |
Minnesota Death Stars batting - Pitching for Erie Jaxx : RHP Armando Rodríguez
|
Batting: LHB Shannon Hunter
|
0-0: Called Strike 0-1: Ground out 4-3 (Groundball, 4)
|
Batting: RHB José Rosales
|
0-0: Called Strike 0-1: Foul Ball, location: 2F 0-2: Foul Ball, location: 2F 0-2: Strikes out swinging
|
Batting: LHB Júlio Córdova
|
0-0: Ball 1-0: Ball 2-0: Called Strike 2-1: Ball 3-1: Foul Ball, location: 2F 3-2: Base on Balls
|
Batting: RHB Vaughan Tillman
|
0-0: Ball 1-0: Foul Ball, location: 2F 1-1: Foul Ball, location: 2F 1-2: Foul Ball, location: 2F 1-2: Foul Ball, location: 2F 1-2: Strikes out swinging
|
Top of the 6th over - 0 run(s), 0 hit(s), 0 error(s), 1 left on base; Minnesota 2 - Erie 5 |
BOTTOM OF THE 6TH |
Erie Jaxx batting - Pitching for Minnesota Death Stars : RHP Rubén Barrera
|
Batting: RHB Júlio Hernández
|
0-0: Foul Ball, location: 2F 0-1: Ball 1-1: Ball 2-1: Foul Ball, location: 2F 2-2: Ball 3-2: Base on Balls
|
Batting: LHB Kyle Robbins
|
0-0: Ball 1-0: Called Strike 1-1: Ball 2-1: Foul Ball, location: 2F 2-2: Fly out, F8 (Flyball, 8LD)
|
Batting: SHB José Durango
|
0-0: Foul Ball, location: 2F 0-1: Ball 1-1: Ball 2-1: Foul Ball, location: 2F 2-2: Ball Júlio Hernández steals 2nd base 3-2: Foul Ball, location: 2F 3-2: Fly out, F8 (Flyball, 8LS)
|
Batting: SHB Michael Field
|
0-0: Ball 1-0: Foul Ball, location: 2F 1-1: Foul Ball, location: 2F 1-2: Ball 2-2: Foul Ball, location: 2F 2-2: SINGLE (Groundball, 4MD) Júlio Hernández to third Runner from 3rd tries for Home, SAFE, no throw
|
Batting: RHB Ángel Serrano
|
0-0: Called Strike 0-1: Called Strike 0-2: Fly out, F9 (Flyball, 9)
|
Bottom of the 6th over - 1 run(s), 1 hit(s), 0 error(s), 1 left on base; Minnesota 2 - Erie 6 |
TOP OF THE 7TH |
Minnesota Death Stars batting - Pitching for Erie Jaxx : RHP Armando Rodríguez
|
Batting: RHB William Robinson
|
0-0: Called Strike 0-1: Called Strike 0-2: Strikes out swinging
|
Batting: RHB Raúl Flores
|
0-0: Called Strike 0-1: Foul Ball, location: 2F 0-2: Ball 1-2: Reached on error, E8 (Flyball, 8RM)
|
Batting: RHB Gabriel Ángel
|
0-0: Called Strike 0-1: Ball 1-1: Ball 2-1: Swinging Strike 2-2: Foul Ball, location: 2F 2-2: Ball 3-2: Fly out, F6 (Line Drive, 6)
|
Batting: RHB Mike Wagner
|
0-0: Swinging Strike 0-1: Foul Ball, location: 2F 0-2: Foul Ball, location: 2F 0-2: Foul Ball, location: 2F 0-2: Strikes out swinging
|
Top of the 7th over - 0 run(s), 0 hit(s), 1 error(s), 1 left on base; Minnesota 2 - Erie 6 |
BOTTOM OF THE 7TH |
Erie Jaxx batting - Pitching for Minnesota Death Stars : RHP Rubén Barrera
|
Batting: RHB Andrés Silva
|
0-0: Called Strike 0-1: Ball 1-1: Called Strike 1-2: Strikes out looking
|
Batting: RHB Edgardo Castro
|
0-0: Ball 1-0: Foul Ball, location: 2F 1-1: Foul Ball, location: 2F 1-2: Foul Ball, location: 2F 1-2: Foul Ball, location: 2F 1-2: Ball 2-2: Ground out 6-3 (Groundball, 6)
|
Batting: RHB José Hernández
|
0-0: Ball 1-0: Called Strike 1-1: Ball 2-1: Foul Ball, location: 2F 2-2: Strikes out swinging
|
Bottom of the 7th over - 0 run(s), 0 hit(s), 0 error(s), 0 left on base; Minnesota 2 - Erie 6 |
TOP OF THE 8TH |
Minnesota Death Stars batting - Pitching for Erie Jaxx : RHP Armando Rodríguez
|
Batting: RHB Kel Weeks
|
0-0: Ball 1-0: Ball 2-0: Called Strike 2-1: Foul Ball, location: 2F 2-2: Foul Ball, location: 2F 2-2: Ball 3-2: Fly out, F9 (Flyball, 9)
|
Batting: LHB Shannon Hunter
|
0-0: Swinging Strike 0-1: Swinging Strike 0-2: Ball 1-2: Strikes out swinging
|
Batting: RHB José Rosales
|
0-0: Ball 1-0: Ground out 5-3 (Groundball, 56)
|
Top of the 8th over - 0 run(s), 0 hit(s), 0 error(s), 0 left on base; Minnesota 2 - Erie 6 |
BOTTOM OF THE 8TH |
Erie Jaxx batting - Pitching for Minnesota Death Stars : RHP Rubén Barrera
|
Batting: RHB Alfredo Ramírez
|
0-0: Ball 1-0: Ball 2-0: Foul Ball, location: 2F 2-1: Foul Ball, location: 2F 2-2: Ground out 5-3 (Groundball, 56S)
|
Batting: RHB Júlio Hernández
|
0-0: Called Strike 0-1: Foul Ball, location: 2F 0-2: SINGLE (Line Drive, 7LS)
|
Batting: LHB Kyle Robbins
|
0-0: Called Strike 0-1: Ball 1-1: Foul Ball, location: 2F 1-2: Foul Ball, location: 2F 1-2: Ball 2-2: Fly out, F2 (Popup, P)
|
Batting: SHB José Durango
|
0-0: Foul Ball, location: 2F 0-1: Called Strike Júlio Hernández is caught stealing 2nd base
|
Bottom of the 8th over - 0 run(s), 1 hit(s), 0 error(s), 0 left on base; Minnesota 2 - Erie 6 |
TOP OF THE 9TH |
Minnesota Death Stars batting - Pitching for Erie Jaxx : RHP Armando Rodríguez
|
Batting: LHB Júlio Córdova
|
0-0: Ball 1-0: Fly out, F8 (Flyball, 8LM)
|
Pitching: RHP Scott King
|
|
Batting: RHB Vaughan Tillman
|
0-0: Ball 1-0: Foul Ball, location: 2F 1-1: Fly out, F7 (Flyball, 7LS)
|
Batting: RHB William Robinson
|
0-0: Foul Ball, location: 2F 0-1: Swinging Strike 0-2: Ball 1-2: Strikes out looking
|
Top of the 9th over - 0 run(s), 0 hit(s), 0 error(s), 0 left on base; Minnesota 2 - Erie 6 |
|